Unix xNetHack Version 7.1.0 - last build Jun 10 2022 16:52:22 (33bbff3b7d1ce07880d5c4b1c5efc7e91935e5b9). Game began 2022-06-25 11:08:54, ended 2022-06-25 11:19:28. elenmirie, neutral female human Tourist --- --..---------- -........%--.|..-- --- ---...).....| --..@..<.-- --.)u-..- ---.....| -..|..| .----- .- -. --- Elenmirie the Sightseer St:10 Dx:11 Co:17 In:13 Wi:5 Ch:17 Neutral Dlvl:6 $:1412 HP:0(58) Pw:15(15) AC:4 Xp:5/202 T:1497 Burdened Latest messages: You are carrying too much to get through. You are carrying too much to get through. You are carrying too much to get through. You feel more agile! You must have been working on your reflexes. You feel more fragile! You haven't been watching your health. You fall down the stairs. You pierce the gnome. The gnome punches you! The gnome hits! In what direction? k The dart hits the gnome. In what direction? k You kill the gnome! You have a little trouble lifting a - 2 uncursed +2 darts (at the ready) {2}. You hear crashing rock. The gnome shoots 2 bone crossbow bolts! You are hit by the 1st bone crossbow bolt! You are hit by the 2nd bone crossbow bolt. In what direction? h The dart hits the gnome. The gnome picks up an uncursed +2 dart. The gnome shoots 2 bone crossbow bolts! You are hit by the 1st bone crossbow bolt. You are hit by the 2nd bone crossbow bolt! In what direction? y You kill the gnome! You have a little trouble lifting a - 2 uncursed +2 darts (at the ready) {2}. The pony kicks! The pony bites! The gnome punches you! The pony kicks! The pony just misses! In what direction? j The dart hits the gnome. Your cloak of protection blocks the pony's attack. The pony bites! Your pair of low boots blocks the gnome's attack. In what direction? j You kill the gnome! The pony kicks! The pony bites! The pony kicks! You die... Do you want your possessions identified? [ynq] (y) y Do you want to see your attributes? [ynq] (y) y Do you want an account of creatures vanquished? [ynaq] (y) y Do you want to see your conduct and achievements? [ynq] (y) y Do you want to see the dungeon overview? [ynq] (y) y Major events: Turn 1: elenmirie the neutral female human Tourist entered the dungeon 392: attained the rank of Sightseer (level 3) 1087: entered the Gnomish Mines 1497: killed by a pony Inventory: Inventory: 870/725 weight (47/52 slots) Coins $ - 1412 gold pieces {14} Amulets I - a cursed mithril amulet of ESP {14} Weapons a - 60 uncursed +2 darts (at the ready) {60} r - 10 uncursed +0 darts {10} F - an uncursed rustproof +0 dagger {10} J - an uncursed +1 silver dagger {11} p - an uncursed +0 bone orcish dagger (weapon in hand) {3} Armor m - an uncursed +0 pair of low boots (being worn) {8} H - an uncursed +0 cloak of magic resistance {10} D - a cursed +0 cloak of protection (being worn) {8} l - an uncursed +0 Hawaiian shirt with a giant eel motif (being worn) {4} E - a blessed +0 leather light armor (being worn) {113} Comestibles h - an uncursed apple {2} f - an uncursed cream pie {10} c - 11 uncursed food rations {220} d - an uncursed lembas wafer {5} g - an uncursed sprig of wolfsbane {1} b - 3 uncursed eggs {3} Scrolls M - a cursed scroll of confuse monster {5} C - an uncursed scroll of enchant armor {5} G - a blessed scroll of identify {5} K - an uncursed scroll of identify {5} u - an uncursed scroll of light {5} O - a blessed scroll of magic mapping {5} k - 7 uncursed scrolls of magic mapping {35} N - 2 uncursed scrolls of remove curse {10} s - a cursed scroll of remove curse {5} L - an uncursed scroll of teleportation {5} t - an uncursed scroll of water {5} Spellbooks v - an uncursed spellbook of light {35} P - an uncursed spellbook of remove curse {45} Potions V - an uncursed potion of booze {20} j - an uncursed potion of extra healing {20} R - a cursed potion of fruit juice {20} S - an uncursed potion of gain energy {20} Q - an uncursed potion of invisibility {20} U - a cursed potion of see invisible {20} T - a cursed potion of speed {20} Rings B - an uncursed ring of see invisible {3} q - an uncursed ring of slow digestion {3} W - an uncursed ring of warning {3} Wands X - a cursed wand of opening (0:7) {7} Tools Y - a cursed bag of tricks (0:13) {15} o - an uncursed credit card {1} n - an uncursed expensive camera (0:96) {12} Z - a cursed magic marker (0:84) {2} e - an uncursed silver skeleton key {3} i - an uncursed towel {5} Elenmirie the Tourist's attributes: Background: You were a Sightseer, a level 5 female human Tourist. You were neutral, nominally on a mission for The Lady who was opposed by Blind Io (lawful) and Offler (chaotic). You were heterosexual. You were in the Gnomish Mines, on level 6. You entered the dungeon 1497 turns ago. You had 202 experience points, 118 more were needed to attain level 6. Basics: You had 0 out of 58 hit points. You had all 15 energy points (spell power). Your armor class was 4. Your wallet contained 1412 zorkmids. Autopickup was on for '$' plus thrown. Final Characteristics: Your strength was 10 (limit:18/100). Your dexterity was 11 (limit:18). Your constitution was 17 (peak:18, limit:18). Your intelligence was 13 (limit:18). Your wisdom was 5 (limit:18). Your charisma was 17 (limit:18). Final Status: You were not hungry. You were burdened; movement was slightly slowed. You were wielding a dagger. You were unskilled in dagger. Final Attributes: You were devoutly aligned. You were protected. You are dead. Miscellaneous: You encountered 1 bones level. Total elapsed playing time was 10 minutes and 30 seconds. Vanquished creatures: a shrieker a gnome leader a floating eye 2 dwarves a giant bat an acid blob 2 hobbits a giant rat a cave spider a yellow mold 4 red molds 11 gnomes 5 geckos 4 jackals a kobold a goblin 2 grid bugs 4 lichens 44 creatures vanquished. No species were genocided or became extinct. Voluntary challenges: You were an atheist. You were illiterate. You never genocided any monsters. You never polymorphed an object. You never changed form. You never touched an artifact. You used no wishes. You never owned a pet. You never scared an enemy with impunity. You were celibate. You never generated conflict. Achievements: You attained the rank of Sightseer. You entered a shop. You entered the Gnomish Mines. The Dungeons of Doom: levels 1 to 4 Level 1: A sink. Level 2: Level 3: An armor shop, a sink, a grave. Stairs down to The Gnomish Mines. Level 4: A grave. The Gnomish Mines: levels 4 to 6 Level 4: A grave. Final resting place for elenmirie-Tou-Hum-Fem-Neu, killed by a giant bat. Level 5: Level 6: <- You were here. Final resting place for you, killed by a pony. Game over: __________ / \ / REST \ / IN \ / PEACE \ / \ | elenmirie | | 1412 Au | | killed by a pony | | | | | | | | 2022 | *| * * * | * _________)/\\_//(\/(/\)/\//\/|_)_______ Aloha elenmirie the Tourist... You died in The Gnomish Mines on dungeon level 6 with 2068 points, and 1412 pieces of gold, after 1497 moves. You were level 5 with a maximum of 58 hit points when you died.